 Dungeon Crawl Stone Soup version 0.22-b1-59-g0aedee734a (webtiles) character file.

52896 Htamos the Arsonist (level 14, -1/118 HPs)
             Began as a Centaur Fire Elementalist on Aug 10, 2018.
             Was an Elder of Vehumet.
             Hit by a large rock thrown by a cyclops (32 damage)
             ... on level 12 of the Dungeon.
             The game lasted 01:16:02 (38751 turns).

Htamos the Arsonist (Centaur Fire Elementalist)    Turns: 38751, Time: 01:16:02

Health: -1/118     AC: 13    Str: 11    XL:     14   Next: 28%
Magic:  11/25      EV:  9    Int: 18    God:    Vehumet [****..]
Gold:   763        SH: 12    Dex: 11    Spells: 3/28 levels left

rFire    . . .     SeeInvis .   j - +2 eveningstar (protect)
rCold    . . .     Gourm    .   q - +0 large shield
rNeg     . . .     Faith    .   T - +5 steam dragon scales
rPois    +         Spirit   .   K - +0 helmet
rElec    .         Reflect  .   W - +0 cloak {rPois}
rCorr    .         Harm     .   x - +0 pair of gloves
MR       ++...                  (no barding)
Stlth    +.........             h - amulet of the acrobat
HPRegen  0.29/turn              R - +1 ring of slaying
MPRegen  0.19/turn              Y - ring of protection from magic

@: very quick
A: large, hooves 3, deformed body, speed 2, tough skin 3
a: Renounce Religion


You were on level 12 of the Dungeon.
You worshipped Vehumet.
Vehumet was greatly pleased with you.
You were not hungry.

You visited 3 branches of the dungeon, and saw 19 of its levels.
You also visited: Ossuary.

You collected 1009 gold pieces.
You spent 246 gold pieces at shops.

Inventory:

Hand Weapons
 a - a +2 scimitar of flaming
 j - a +2 eveningstar of protection (weapon)
 v - a +0 long sword of slicing
 C - the +4 hand crossbow of Righteous Anger {flame, rF+}
   (You found it on level 6 of the Lair of Beasts)

   It causes projectiles fired from it to burn those they strike, causing extra
   injury to most foes and up to half again as much damage against particularly
   susceptible opponents.
   It protects you from fire.
 M - a +1 rapier of chaos
Missiles
 H - 6 throwing nets (quivered)
Armour
 k - a +2 buckler
 q - a +0 large shield (worn)
 x - a +0 pair of gloves (worn)
 G - a +1 pair of gloves
 J - a scarf of repulsion
 K - a +0 helmet (worn)
 O - a +0 troll leather armour
 P - a +3 ring mail of cold resistance
 T - +5 steam dragon scales (worn)
 W - a +0 cloak of poison resistance (worn)
Jewellery
 g - a +4 ring of evasion
 h - an amulet of the acrobat (around neck)
 t - an uncursed ring of positive energy
 z - an uncursed amulet of rage
 R - a +1 ring of slaying (left hand)
 X - an uncursed ring of protection from fire
 Y - a ring of protection from magic (right hand)
Wands
 m - a wand of digging (25)
 E - a wand of random effects (34)
Scrolls
 b - 7 scrolls of remove curse
 f - 4 scrolls of amnesia
 i - a scroll of noise
 o - a scroll of fog
 r - 3 scrolls of teleportation
 s - 2 scrolls of blinking
 u - 5 scrolls of magic mapping
 y - 4 scrolls of immolation
 L - 5 scrolls of fear
 Z - a scroll of identify
Potions
 d - 18 potions of curing
 e - a potion of ambrosia
 l - 2 potions of cancellation
 n - 4 potions of agility
 p - a potion of lignification
 w - 5 potions of brilliance
 A - 2 potions of flight
 D - 5 potions of haste
 N - a potion of berserk rage
 Q - 2 potions of resistance
 U - 2 potions of mutation
Comestibles
 c - 33 rations


   Skills:
 + Level 9.2 Fighting
 + Level 7.4 Dodging
 - Level 1.2 Stealth
 * Level 4.6 Shields
 * Level 7.7 Spellcasting
 + Level 11.4 Conjurations
 + Level 12.0 Fire Magic
 - Level 0.7 Ice Magic
 - Level 2.3 Earth Magic
 - Level 2.0 Poison Magic
 - Level 2.3 Evocations


You had 3 spell levels left.
You knew the following spells:

 Your Spells              Type           Power        Failure   Level  Hunger
a - Flame Tongue          Conj/Fire      #####        1%          1    None
b - Freezing Cloud        Conj/Ice/Air   ###.......   99%         6    ######.
c - Sticky Flame          Conj/Fire      #####...     2%          4    ###....
d - Fireball              Conj/Fire      #####.....   5%          5    #####..
e - Olgreb's Toxic Radia  Pois           ##......     67%         4    ###....
f - Bolt of Magma         Conj/Fire/Erth #####.....   19%         5    #####..

Your spell library contained the following spells:

 Spells                   Type           Power        Failure   Level  Hunger
 Magic Dart               Conj           ####         1%          1    None
 Apportation              Tloc           #.....       67%         1    None
 Conjure Flame            Conj/Fire      #####...     1%          3    #......
 Lightning Bolt           Conj/Air       ####......   50%         5    #####..
 Slow                     Hex            #.......     80%         2    None
 Throw Flame              Conj/Fire      #####.       1%          2    None
 Mephitic Cloud           Conj/Pois/Air  ###.....     12%         3    #......
 Summon Small Mammal      Summ           #...         67%         1    None
 Bolt of Draining         Conj/Necr      ####......   50%         5    #####..
 Blink                    Tloc           N/A          80%         2    None
 Iskenderun's Mystic Bla  Conj           #####...     2%          4    ###....
 Animate Skeleton         Necr           N/A          67%         1    None
 Call Imp                 Summ           #.......     80%         2    None
 Dispel Undead            Necr           #.......     100%        5    #####..
 Sublimation of Blood     Necr           #.........   80%         2    None
 Corpse Rot               Necr           N/A          80%         2    None
 Shock                    Conj/Air       ####         2%          1    None
 Swiftness                Chrm/Air       #.......     80%         2    None
 Agony                    Necr           #.......     100%        5    #####..
 Airstrike                Air            #.........   89%         4    ###....
 Confusing Touch          Hex            #.....       67%         1    None
 Static Discharge         Conj/Air       ####....     7%          3    #......
 Excruciating Wounds      Chrm/Necr      #.........   100%        5    #####..
 Inner Flame              Hex/Fire       ####....     7%          3    #......
 Fulminant Prism          Conj/Hex       ####......   22%         4    ###....
 Dazzling Spray           Conj/Hex       ####..       7%          3    #......
 Force Lance              Conj/Tloc      ####....     22%         4    ###....
 Searing Ray              Conj           #####.       1%          2    None


Dungeon Overview and Level Annotations

Branches:
Dungeon (12/15)            Temple (1/1) D:7            Lair (6/6) D:9
 Shoals (0/4) Lair:4       Spider (0/4) Lair:2        Slime (0/5) Lair:6
    Orc: D:9-12

Altars:
Ashenzari
Cheibriados
Dithmenos
Elyvilon
Fedhas
Gozag
Hepliaklqana
Kikubaaqudgha
Makhleb
Nemelex Xobeh
Okawaru
Qazlal
Ru
Sif Muna
Trog
Uskayaw
Vehumet
Wu Jian
Xom
Yredelemnul
Zin
The Shining One
Jiyva

Shops:
D:4 :   D:8 ?   D:10 *

Annotations:
D:7 Dowan
D:10 3 runed doors
Lair:1 2 transporters, Cawice Xei's ghost, journeyman DsGl
Lair:2 exclusion: downstairs
Lair:5 3 runed doors, Limared's ghost, journeyman DrFi; Molaav's ghost, journeyman MiMo; Nips's ghost, adept MiFi


Innate Abilities, Weirdness & Mutations

You have hooves in place of feet.
Armour fits poorly on your strangely shaped body.
You cover ground very quickly.
You have extremely tough skin. (AC +3)


Message History

Press: ? - help, Shift-Dir - straight line, f/p - orc warrior
Aim: an orc warrior, wielding a battleaxe and wearing a chain mail (lightly wounded)
The flame tongue hits the orc warrior.
The orc warrior is lightly wounded.
The orc wizard points at you and mumbles some strange words.
The magic dart hits you!
* * * LOW HITPOINT WARNING * * *
The cyclops throws a large rock.
The large rock hits you!
* * * LOW HITPOINT WARNING * * *
The orc warrior hits you with a battleaxe!
* * * LOW HITPOINT WARNING * * *
Casting: Flame Tongue (safe; 1% risk of failure)
Confirm with . or Enter, or press ? or * to list all spells.
Aiming: Flame Tongue (safe; 1% risk of failure)
Press: ? - help, Shift-Dir - straight line, f/p - orc warrior
Aim: an orc warrior, wielding a battleaxe and wearing a chain mail (lightly wounded)
The flame tongue misses the orc warrior.
The flame tongue hits the orc.
The orc appears unharmed.
The cyclops throws a large rock.
The large rock hits you!!
You die...

######### ### #.##..#.#####.##
#..............#
#.##..#.#.###.##
###############......#
..............##.###.#
......[....#..##)# ....
.......)..!#..##.#......
.%..o.o@..).)[...#......
...##)..).....#).###'##.
.......!.....#......# .
.C..o.........#.......
########################........
...............#..##............
.........##.#.##..........##..##
.#.#...####.#.##(.##...#..# ..#
........................


You could see a cyclops, an orc warrior, an orc wizard and an orc.

Vanquished Creatures
  Rupert (Lair:6)
  Kirke (D:11)
  A dire elephant (Lair:3)
  Harold (D:6)
  4 hydras
  2 two-headed ogres
  Urug (Lair:4)
  A cyclops (D:11)
  An ugly thing (D:7)
  24 elephants
  2 merfolk sirens (Lair:4)
  Psyche (D:8)
  A molten gargoyle (Lair:6)
  7 black mambas
  9 spiny frogs
  7 komodo dragons
  2 rime drakes
  2 merfolk (Lair:4)
  An efreet (D:11)
  A polar bear (Lair:6)
  3 trolls
  A hornet (D:10)
  Grinder (D:4)
  A jumping spider (Lair:2)
  4 dream sheep (Lair:6)
  9 blink frogs
  4 slime creatures
  6 hippogriffs
  Sigmund (D:4)
  30 yaks
  3 hogs (D:11)
  A spriggan (Lair:5)
  6 wyverns
  5 basilisks
  2 hungry ghosts (D:12)
  2 steam dragons
  7 swamp worms (Lair:1)
  A vampire mosquito (D:11)
  3 soldier ants
  11 water moccasins
  Duvessa (D:7)
  7 porcupines
  3 hell hounds (Lair:6)
  6 orc warriors
  6 sky beasts
  2 black bears
  A hornet zombie (D:12)
  An ice beast (D:12)
  3 phantoms
  A necrophage (D:12)
  5 wolves
  4 ogres
  11 centaurs
  12 crocodiles
  7 big kobolds
  18 bullfrogs
  5 scorpions
  4 killer bees
  5 howler monkeys
  5 lava snakes (Lair:6)
  4 crimson imps
  A quasit (D:8)
  2 bullfrog zombies (D:12)
  A centaur zombie (Ossuary)
  A jelly (D:7)
  9 orc priests
  5 hounds
  A bullfrog skeleton (D:11)
  15 orc wizards
  5 centaur skeletons
  Jessica (D:2)
  10 worker ants
  Ijyb (D:5)
  An iguana (D:7)
  3 hound zombies (D:7)
  4 mummies (Ossuary)
  2 worker ant zombies
  14 adders
  20 gnolls
  3 shadow imps
  An adder skeleton (D:7)
  2 worms
  3 dart slugs
  5 leopard geckos
  56 orcs
  5 ball pythons
  7 bats
  3 giant cockroaches
  38 goblins
  26 hobgoblins
  3 jackals (D:3)
  13 kobolds
  9 quokkas
  5 frilled lizards
  A gnoll zombie (Ossuary)
  2 goblin zombies (Ossuary)
  3 kobold zombies (Ossuary)
  An orc zombie (Ossuary)
  2 quokka skeletons
  A quokka zombie (D:9)
  5 rats
  A fungus (Lair:2)
573 creatures vanquished.

Vanquished Creatures (others)
  2 humans (D:12)
  A quokka (D:6)
  2 bushes
  89 fungi
  37 plants
  2 withered plants (Lair:5)
133 creatures vanquished.

Grand Total: 706 creatures vanquished

Notes
Turn   | Place    | Note
-------+----------+-------------------------------------------
     0 | D:1      | Htamos the Centaur Fire Elementalist began the quest for the Orb.
     0 | D:1      | Reached XP level 1. HP: 14/14 MP: 3/3
    31 | D:1      | Reached skill level 1 in Conjurations
   124 | D:1      | Reached XP level 2. HP: 4/20 MP: 0/4
   578 | D:1      | Reached skill level 3 in Fire Magic
   699 | D:1      | Reached XP level 3. HP: 26/26 MP: 2/5
  1028 | D:2      | Learned a level 2 spell: Throw Flame
  1424 | D:2      | Reached XP level 4. HP: 29/34 MP: 0/7
  1806 | D:2      | Noticed Jessica
  1810 | D:2      | Killed Jessica
  1946 | D:2      | Found an opulent altar of Gozag.
  2050 | D:2      | Found a faded altar of an unknown god.
  2050 | D:2      | Found a glowing golden altar of the Shining One.
  2055 | D:2      | Found a shadowy altar of Dithmenos.
  2057 | D:2      | Found a sacrificial altar of Ru.
  2059 | D:2      | Found a sparkling altar of Nemelex Xobeh.
  2212 | D:2      | Reached skill level 1 in Fighting
  2497 | D:3      | Reached XP level 5. HP: 40/40 MP: 5/8
  3539 | D:4      | Found a blossoming altar of Fedhas.
  3539 | D:4      | Found an ancient bone altar of Kikubaaqudgha.
  3660 | D:4      | Noticed Sigmund
  3695 | D:4      | Killed Sigmund
  3695 | D:4      | Reached skill level 1 in Shields
  3695 | D:4      | Reached skill level 4 in Fire Magic
  3695 | D:4      | Reached XP level 6. HP: 26/47 MP: 3/9
  4014 | D:4      | Noticed Grinder
  4037 | D:4      | Paralysed by Grinder for 6 turns
  4065 | D:4      | Killed Grinder
  4065 | D:4      | Reached XP level 7. HP: 42/55 MP: 1/10
  4417 | D:4      | Found Caekir's Book Shop.
  5314 | D:4      | Reached skill level 5 in Fire Magic
  5318 | D:4      | Reached XP level 8. HP: 35/62 MP: 3/12
  5840 | D:5      | Entered Level 5 of the Dungeon
  5922 | D:5      | Found the +27 Lear's hauberk
  6249 | D:5      | Noticed Ijyb
  6256 | D:5      | Killed Ijyb
  6413 | D:5      | Found a bloodstained altar of Trog.
  7216 | D:6      | Reached skill level 5 in Conjurations
  7327 | D:6      | Reached skill level 6 in Fire Magic
  7487 | D:6      | Reached XP level 9. HP: 40/71 MP: 2/14
  7493 | D:6      | Learned a level 4 spell: Sticky Flame
  7499 | D:6      | Learned a level 5 spell: Fireball
  8237 | D:6      | Found a white marble altar of Elyvilon.
  8652 | D:7      | Noticed Harold
  8675 | D:6      | Killed Harold
  9032 | D:7      | Reached skill level 7 in Fire Magic
  9576 | D:7      | Found a staircase to the Ecumenical Temple.
  9577 | D:7      | Noticed a troll
  9601 | D:7      | Killed a troll
  9645 | Temple   | Entered the Ecumenical Temple
  9708 | Temple   | Became a worshipper of Vehumet
  9849 | D:7      | Noticed Duvessa
  9849 | D:7      | Noticed Dowan
  9919 | D:7      | Killed Duvessa
 10439 | D:7      | Noticed a troll
 10462 | D:7      | Killed a troll
 10462 | D:7      | Reached XP level 10. HP: 43/80 MP: 13/16
 10887 | D:8      | Noticed a cyan ugly thing
 10959 | D:7      | Killed a cyan ugly thing
 10959 | D:7      | Reached skill level 5 in Fighting
 11502 | D:8      | Found a sand-covered staircase.
 11588 | Ossuary  | Entered an ossuary
 11621 | Ossuary  | Reached * piety under Vehumet
 11621 | Ossuary  | Offered knowledge of Sandblast by Vehumet.
 12074 | D:8      | Found Udwiluc's Magic Scroll Emporium.
 12083 | D:8      | Bought a scroll of identify for 28 gold pieces
 12083 | D:8      | Bought a scroll of identify for 28 gold pieces
 12083 | D:8      | Bought a scroll of identify for 28 gold pieces
 12083 | D:8      | Bought a scroll of identify for 28 gold pieces
 12083 | D:8      | Bought a scroll of identify for 28 gold pieces
 12083 | D:8      | Bought a scroll of identify for 28 gold pieces
 12083 | D:8      | Bought a scroll of identify for 28 gold pieces
 12083 | D:8      | Bought a scroll of identify for 28 gold pieces
 12567 | D:8      | Noticed a two-headed ogre
 12666 | D:8      | Killed a two-headed ogre
 12666 | D:8      | Reached skill level 8 in Fire Magic
 12994 | D:9      | Noticed Psyche
 13504 | D:8      | Killed Psyche
 13608 | D:8      | Found Udwiluc's Magic Scroll Emporium.
 13954 | D:9      | Reached ** piety under Vehumet
 13956 | D:9      | Offered knowledge of Throw Frost by Vehumet.
 13963 | D:9      | Noticed a two-headed ogre
 13966 | D:9      | Reached skill level 5 in Dodging
 14066 | D:8      | Reached skill level 5 in Spellcasting
 14531 | D:9      | Killed a two-headed ogre
 14531 | D:9      | Reached XP level 11. HP: 89/89 MP: 18/18
 14974 | D:9      | Found a staircase to the Lair.
 15152 | D:9      | Found a snail-covered altar of Cheibriados.
 15264 | D:10     | Entered Level 10 of the Dungeon
 15274 | D:10     | Found a runed gate.
 15274 | D:10     | Found a runed gate.
 15274 | D:10     | Found a runed gate.
 15275 | D:10     | Noticed a cyan ugly thing
 15277 | D:10     | Noticed a white ugly thing
 15277 | D:10     | Noticed a brown very ugly thing
 15277 | D:10     | Noticed a glowing orange brain
 15277 | D:10     | Noticed a cyan ugly thing
 15277 | D:10     | Noticed a cyan ugly thing
 15486 | D:10     | Offered knowledge of Stone Arrow by Vehumet.
 15647 | D:10     | Reached skill level 9 in Fire Magic
 16007 | D:10     | Reached *** piety under Vehumet
 16174 | D:10     | Found Vugapt's Assorted Antiques.
 16225 | D:10     | Bought a scroll labeled QIOBUE JIEMIG for 22 gold pieces
 16409 | D:10     | Noticed a cyan ugly thing
 16409 | D:10     | Noticed a purple ugly thing
 17148 | D:11     | Offered knowledge of Olgreb's Toxic Radiance by Vehumet.
 17673 | Lair:1   | Entered Level 1 of the Lair of Beasts
 17828 | Lair:1   | Found a transporter.
 18370 | Lair:1   | Noticed Cawice Xei's ghost (journeyman DsGl)
 18376 | Lair:1   | Found a transporter.
 18812 | Lair:2   | Learned a level 4 spell: Olgreb's Toxic Radiance
 19105 | Lair:2   | Reached XP level 12. HP: 31/100 MP: 11/20
 19381 | Lair:2   | Found a hole to the Spider Nest.
 19392 | Lair:2   | Reached skill level 10 in Fire Magic
 19499 | Lair:2   | Reached **** piety under Vehumet
 19893 | Lair:2   | Offered knowledge of Bolt of Magma by Vehumet.
 19969 | Lair:2   | Learned a level 5 spell: Bolt of Magma
 20263 | Lair:2   | Noticed a six-headed hydra
 20606 | Lair:2   | Killed a six-headed hydra
 20776 | Lair:2   | Noticed an eight-headed hydra
 20823 | Lair:2   | Killed an eight-headed hydra
 21108 | Lair:2   | Reached skill level 1 in Poison Magic
 21477 | Lair:2   | Reached skill level 10 in Conjurations
 23990 | Lair:3   | Learned a level 2 spell: Sublimation of Blood
 24449 | Lair:3   | Noticed a dire elephant
 24472 | Lair:3   | Killed a dire elephant
 24472 | Lair:3   | Reached skill level 11 in Fire Magic
 25055 | Lair:2   | Reached XP level 13. HP: 72/107 MP: 0/22
 26356 | Lair:4   | Found a staircase to the Shoals.
 26373 | Lair:4   | Reached skill level 1 in Earth Magic
 27063 | Lair:4   | Reached ***** piety under Vehumet
 27105 | Lair:4   | Reached skill level 1 in Evocations
 27112 | Lair:4   | Offered knowledge of Freezing Cloud by Vehumet.
 27845 | Lair:5   | Noticed Urug
 28201 | Lair:4   | Killed Urug
 28683 | Lair:5   | HP: 3/108 [elephant (5)]
 30027 | Lair:5   | Found a runed gate.
 30027 | Lair:5   | Found a runed gate.
 30027 | Lair:5   | Found a runed gate.
 30029 | Lair:5   | Noticed Limared's ghost (journeyman DrFi)
 30030 | Lair:5   | Noticed Nips's ghost (adept MiFi)
 30031 | Lair:5   | Noticed Molaav's ghost (journeyman MiMo)
 30043 | Lair:5   | Noticed Molaav's ghost (journeyman MiMo)
 30972 | Lair:6   | Entered Level 6 of the Lair of Beasts
 30972 | Lair:6   | Found a viscous altar of Jiyva.
 30972 | Lair:6   | Found a staircase to the Slime Pits.
 31592 | Lair:6   | Learned a level 6 spell: Freezing Cloud
 32321 | Lair:6   | Noticed Rupert
 33461 | Lair:6   | Got a fine hand crossbow
 33584 | Lair:5   | Identified the +4 hand crossbow of Righteous Anger {flame, rF+} (You found it on level 6 of the Lair of Beasts)
 33690 | Lair:6   | Noticed a fire dragon
 34508 | Lair:6   | Killed Rupert
 34508 | Lair:6   | Reached XP level 14. HP: 53/118 MP: 23/25
 36540 | D:12     | Noticed Kirke
 36685 | D:11     | Killed Kirke
 37263 | D:12     | Noticed Sonja
 37264 | D:12     | Noticed Sonja
 37264 | D:12     | Sonja changed into Sonja the raiju
 37276 | D:12     | Noticed Sonja
 37276 | D:12     | Sonja the raiju changed into Sonja the komodo dragon
 37290 | D:12     | Killed Sonja the komodo dragon
 37779 | D:12     | Reached skill level 12 in Fire Magic
 38751 | D:12     | Hit by a large rock thrown by a cyclops

Skill      XL: |  1  2  3  4  5  6  7  8  9 10 11 12 13 14 |
---------------+-------------------------------------------+-----
Conjurations   | 1 2 3 4 5 6 8 9 10 11 | 11.4
Fire Magic     | 3 4 5 6 7 8 9 11 12 | 12.0
Spellcasting   | 2 3 4 5 6 7 |  7.7
Dodging        | 2 3 4 5 6 7 |  7.4
Fighting       | 1 2 3 4 6 7 8 9 |  9.2
Shields        | 1 2 4 |  4.6
Poison Magic   | 2 |  2.0
Earth Magic    | 2 |  2.3
Evocations     | 2 |  2.3
Stealth        | |  1.2
Ice Magic      | |  0.7

Action                   |  1- 3 |  4- 6 |  7- 9 | 10-12 | 13-15 || total
-------------------------+-------+-------+-------+-------+-------++-------
Melee: Unarmed           |    35 |       |       |       |       ||    35
       Kick              |     6 |     7 |    38 |    64 |    51 ||   166
       Short sword       |    30 |    34 |   107 |       |       ||   171
       Dagger            |       |       |   112 |       |       ||   112
       Rapier            |       |       |     3 |   156 |    24 ||   183
       Scimitar          |       |       |       |    70 |    23 ||    93
       Long sword        |       |       |       |     8 |       ||     8
       Eveningstar       |       |       |       |       |   115 ||   115
Throw: Throwing net      |       |       |     2 |       |       ||     2
 Cast: Flame Tongue      |    44 |    77 |   296 |   973 |   851 ||  2241
       Throw Flame       |     2 |     8 |     1 |    10 |       ||    21
       Fireball          |       |       |       |     4 |       ||     4
       Olgreb's Toxic Ra |       |       |       |    13 |    10 ||    23
       Bolt of Magma     |       |       |       |    13 |    16 ||    29
       Sublimation of Bl |       |       |       |     4 |       ||     4
Evoke: Wand              |       |     3 |     3 |    24 |    71 ||   101
  Use: Scroll            |     2 |       |     8 |    26 |    15 ||    51
       Potion            |       |       |     1 |     3 |     3 ||     7
 Stab: Paralysed         |       |    12 |     7 |    19 |    33 ||    71
       Sleeping          |       |       |     1 |       |       ||     1
  Eat: Chunk             |     2 |     9 |    17 |    38 |    34 ||   100
       Ration            |       |       |       |     3 |     5 ||     8
Armor: Robe              |    45 |    18 |   111 |       |       ||   174
       Ring mail         |       |       |     6 |     2 |       ||     8
       Troll leather arm |       |       |       |   147 |       ||   147
       Steam dragon scal |       |       |       |   114 |   281 ||   395
Dodge: Dodged            |    46 |    28 |   177 |   696 |   312 ||  1259
       Deflected         |       |       |     4 |     3 |       ||     7
Block: Buckler           |     2 |    14 |    98 |   276 |    46 ||   436
       Large shield      |       |       |       |       |   344 ||   344
       Rpst.: Scimitar   |       |       |       |   119 |    15 ||   134
